 Dungeon Crawl Stone Soup version 0.29.1-12-g30fa7ad0bf (webtiles) character file.

Game seed: 16318477401995343143

239 112233 the Caller (level 5, -2/23 HPs)
             Began as a Felid Summoner on Dec 22, 2022.
             Slain by an iguana (11 damage)
             ... on level 5 of the Dungeon.
             The game lasted 00:05:05 (5831 turns).

112233 the Caller (Felid Summoner)                  Turns: 5831, Time: 00:05:05

Health: -2/23      AC:  2    Str:  4    XL:     5   Next: 79%
Magic:  7/12       EV: 19    Int: 18    God:
Gold:   151        SH:  0    Dex: 17    Spells: 2/12 levels left
                                        Lives:  0   Deaths: 1

rFire   . . .      SeeInvis +   (weapon unavailable)
rCold   . . .      Faith    .   (shield unavailable)
rNeg    . . .      Spirit   .   (body armour unavailable)
rPois   .          Reflect  .   (helmet unavailable)
rElec   .          Harm     .   (cloak unavailable)
rCorr   .          Rampage  .   (gloves unavailable)
Will    .....                   (boots unavailable)
Stlth   ++........              (no amulet)
HPRegen 0.07/turn               q - ring of wizardry
MPRegen 0.13/turn               (no ring)

@: quick
A: very small, claws 1, fangs 3, see invisible, speed 1, shaggy fur 2, stealthy
paws, no weapons or thrown items, no armour, multi-lived
a: no special abilities


You were on level 5 of the Dungeon.
You visited 1 branch of the dungeon, and saw 5 of its levels.

You collected 151 gold pieces.

Inventory:

Jewellery
 q - a ring of wizardry (left paw)
Scrolls
 b - 4 scrolls of immolation {unknown}
 d - a scroll of fear {unknown}
 f - 7 scrolls of identify {unknown}
 g - a scroll of brand weapon {unknown}
 h - 5 scrolls of teleportation {unknown}
 k - 3 scrolls of vulnerability {unknown}
 l - 2 scrolls of enchant weapon {unknown}
 o - a scroll of magic mapping {unknown}
 r - a scroll of blinking {unknown}
 t - a scroll of summoning {unknown}
Potions
 a - a potion of magic
 c - 2 potions of flight {unknown}
 e - 2 potions of invisibility {unknown}
 i - a potion of degeneration {unknown}
 j - 3 potions of attraction {unknown}
 m - a potion of berserk rage {unknown}
 n - 3 potions of curing {unknown}
 p - a potion of lignification {unknown}
 s - a potion of mutation {unknown}
 u - a potion of ambrosia {unknown}


   Skills:
 + Level 2.3 Fighting
 + Level 4.7 Dodging
 - Level 3.2 Stealth
 * Level 4.2 Spellcasting
 * Level 5.6 Summonings


You had 2 spell levels left.
You knew the following spells:

 Your Spells              Type           Power      Damage    Failure   Level
a - Summon Small Mammal   Summ           96%        N/A       1%          1
b - Call Imp              Summ           24%        N/A       1%          2
c - Call Canine Familiar  Summ           24%        N/A       1%          3
d - Summon Guardian Gole  Hex/Summ       13%        N/A       6%          3
e - Apportation           Tloc           6%         N/A       6%          1

Your spell library contained the following spells:

 Spells                   Type           Power      Damage    Failure   Level
 Necrotise                Necr           12%        1d4       6%          1
 Summon Lightning Spire   Summ/Air       13%        N/A       17%         4


Dungeon Overview and Level Annotations

Branches:
Dungeon (5/15)
 Temple: D:4-7

Altars:
Okawaru
Trog
Yredelemnul

Annotations:
D:1 exclusion: downstairs
D:3 exclusion: downstairs


Innate Abilities, Weirdness & Mutations

You have sharp claws.
You have razor-sharp teeth.
You have supernaturally acute eyesight. (SInv)
You cover ground quickly. (Speed+)
You are covered in thick fur. (AC +2)
Your paws help you pounce on unaware monsters.
You are incapable of wielding weapons or throwing items.
You cannot wear armour.
You gain extra lives every three experience levels.


Message History

The ball of steam hits you!!
Ouch! That really hurt!
* * * LOW HITPOINT WARNING * * *
You are engulfed in a cloud of scalding steam.
You die...
You are now level 5!
You rejoin the land of the living...
Unknown command.
Unknown command.
Unknown command.
Found a spear.
Found an iron altar of Okawaru.
b - 4 scrolls labelled PONUEH BUPN (gained 1)
n - 3 inky potions (gained 1)
Found a cloak.
(D) Dungeon
Where to? (Enter - D:4, ? - help)
The ball of steam misses your crimson imp.
A ball of steam appears from out of your range of vision.
There is a stone staircase leading down here.
You climb downwards.
Your summoned ally is left behind.
There is a stone staircase leading up here.
Unknown command.
You now have 151 gold pieces (gained 8).
f - 7 scrolls labelled WYMUOL YDIWN (gained 1)
An iguana comes into view.
An iguana is nearby!
An iguana is nearby!
An iguana is nearby!
Casting: Summon Small Mammal (safe; 1% risk of failure)
Confirm with . or Enter, or press ? or * to list all spells.
The iguana hisses angrily.
Your hound bites the iguana but does no damage.
Casting: Call Canine Familiar (safe; 1% risk of failure)
Confirm with . or Enter, or press ? or * to list all spells.
A beastly little devil appears in a puff of frigid air.
Your hound barely misses the iguana.
The iguana bites you!
Ouch! That really hurt!
Your hound bites the iguana.
Your hound bites the iguana.
The iguana bites you!
You die...

.....## ##..####
......###......###
.....##.#........#
.....#..#........#
.................#
........#........#
........#.....####
.................##
................@.#
.)............##l5#
....##.....####.h...#
............# ....###
.......#.........##
##.....##........#
.#.............###
.#.............
....)...###...#...


You could see an iguana (ally target), a friendly hound (summoned) and a
friendly white imp (summoned).

Vanquished Creatures
  A black bear (D:5)
  A dart slug (D:4)
  An orc (D:3)
  An endoplasm (D:3)
  A goblin (D:1)
  A hobgoblin (D:1)
  A jackal (D:2)
  A rat (D:1)
8 creatures vanquished.

Vanquished Creatures (collateral kills)
  A phantom (D:4)
  A hound (D:5)
  An iguana (D:4)
  2 orc wizards (D:3)
  8 gnolls
  3 adders
  A dart slug (D:3)
  7 orcs
  5 ball pythons
  5 endoplasms
  2 giant cockroaches (D:3)
  3 goblins
  5 hobgoblins
  9 jackals
  4 kobolds
  A quokka (D:2)
  A frilled lizard (D:2)
  2 rats (D:1)
  A spectral orc (D:3)
62 creatures vanquished.

Grand Total: 70 creatures vanquished

Notes
Turn   | Place    | Note
-------+----------+-------------------------------------------
     0 | D:1      | 112233 the Felid Summoner began the quest for the Orb.
     0 | D:1      | Reached XP level 1. HP: 7/7 MP: 4/4
     5 | D:1      | You fall into a shaft and drop 1 floor!
   518 | D:1      | Reached XP level 2. HP: 8/11 MP: 3/6
   521 | D:1      | Learned a level 2 spell: Call Imp
  1040 | D:1      | Found a faded altar of an unknown god.
  1148 | D:2      | Reached XP level 3. HP: 14/14 MP: 3/7
  1803 | D:2      | Reached XP level 4. HP: 2/18 MP: 3/9
  2172 | D:2      | Found a bloodstained altar of Trog.
  2537 | D:3      | Learned a level 3 spell: Call Canine Familiar
  2652 | D:3      | Reached skill level 1 in Fighting
  2669 | D:3      | Reached XP level 5. HP: 12/22 MP: 3/10
  2989 | D:3      | Found a basalt altar of Yredelemnul.
  3997 | D:4      | Reached skill level 5 in Summonings
  4096 | D:4      | Noticed a steam dragon
  4401 | D:4      | Noticed a phantom
  4424 | D:4      | Killed a phantom
  4425 | D:4      | Gained mutation: You are covered in thick fur. (AC +2)
                  | [Felid growth]
  4425 | D:4      | Reached XP level 6. HP: 26/26 MP: 10/12
  5194 | D:5      | Entered Level 5 of the Dungeon
  5300 | D:5      | Learned a level 3 spell: Summon Guardian Golem
  5302 | D:5      | Learned a level 1 spell: Apportation
  5746 | D:4      | Engulfed by a steam dragon's steam
  5747 | D:4      | Reached XP level 5. HP: -7/23 MP: 10/12
  5748 | D:4      | Found an iron altar of Okawaru.
  5831 | D:5      | Slain by an iguana

Illustrated notes

Levels and vault maps discovered:
D:1:      lordsloth_arrival_two_stooges, layout_basic,
          shapermc_ecumenical_altar_pompeii, minmay_split_cup_small
D:2:      layout_loops_corners, basic_altar, amethyst_killhole
D:3:      layout_basic, yredelemnul_forgotten_temple_becter
D:4:      layout_rooms, okawaru_trees_1
D:5:      layout_cave_pools

Skill      XL: |  1  2  3  4  5  6 |
---------------+-------------------+-----
Dodging        | 3 4 |  4.7
Stealth        | 3 |  3.2
Fighting       | 1 2 |  2.3
Spellcasting   | 3 4 |  4.2
Summonings     | 5 |  5.6

Action                   |  1- 3 |  4- 6 || total
-------------------------+-------+-------++-------
Melee: Unarmed           |    11 |    58 ||    69
       Bite              |     3 |    10 ||    13
       Punch             |       |     1 ||     1
 Cast: Summon Small Mamm |    34 |    23 ||    57
       Call Imp          |    11 |    28 ||    39
       Call Canine Famil |       |    19 ||    19
 Stab: Confused          |       |     1 ||     1
       Sleeping          |       |     1 ||     1
Armor: Skin              |     1 |     7 ||     8
Dodge: Dodged            |    30 |    84 ||   114
